 Dungeon Crawl Stone Soup version 0.29-a0-397-g846e4a0bbc (webtiles) character file.

Game seed: 4266486616362364422

4552 hquester the Cutter (level 10, -1/47 HPs)
             Began as a Spriggan Conjurer on May 11, 2022.
             Was a Believer of Vehumet.
             Slain by a black mamba (15 damage)
             ... on level 8 of the Dungeon.
             The game lasted 01:37:18 (9901 turns).

hquester the Cutter (Spriggan Conjurer)             Turns: 9901, Time: 01:37:19

Health: -1/47      AC:  3    Str:  5    XL:     10   Next: 17%
Magic:  21/21      EV: 19    Int: 22    God:    Vehumet [**....]
Gold:   868        SH: 14    Dex: 14    Spells: 18/23 levels left

rFire   . . .      SeeInvis +   e - +1 short sword (venom)
rCold   . . .      Faith    .   s - +2 buckler
rNeg    . . .      Spirit   .   t - +1 robe {Will+}
rPois   .          Reflect  +   (helmet restricted)
rElec   .          Harm     .   A - scarf {repulsion}
rCorr   .          Rampage  .   (gloves unavailable)
Will    ++...                   (boots unavailable)
Stlth   ++++......              D - amulet of reflection
HPRegen 0.15/turn               (no ring)
MPRegen 0.17/turn               (no ring)

@: lethally poisoned (-1 -> -14), repel missiles, very quick
A: very small, no large weapons, unfitting armour, see invisible, speed 3
a: Renounce Religion


You were on level 8 of the Dungeon.
You worshipped Vehumet.
Vehumet was pleased with you.
You visited 3 branches of the dungeon, and saw 10 of its levels.
You also visited: Ossuary.

You collected 868 gold pieces.

Inventory:

Hand Weapons
 e - a +1 short sword of venom (weapon)
 q - a +4 spear
 K - a +1 dagger of venom
Missiles
 a - 4 curare-tipped darts
 c - 22 poisoned darts (quivered)
 f - 203 stones
 r - 11 boomerangs
 x - a silver boomerang
Armour
 s - a +2 buckler (worn)
 t - a +1 robe of willpower (worn)
 A - a scarf of repulsion (worn)
Jewellery
 D - an amulet of reflection (around neck)
 L - an amulet of guardian spirit
Wands
 m - a wand of paralysis (8)
 n - a wand of charming (5)
 I - a wand of acid (8)
Scrolls
 g - a scroll of enchant weapon
 h - 3 scrolls of teleportation
 j - 5 scrolls of blinking
 k - 2 scrolls of fear
 l - 3 scrolls of torment
 o - 2 scrolls of magic mapping
 w - a scroll of fog {unknown}
 y - a scroll of vulnerability {unknown}
 C - 2 scrolls of immolation {unknown}
 H - a scroll of summoning {unknown}
Potions
 b - 2 potions of magic
 d - a potion of mutation {unknown}
 i - 5 potions of heal wounds
 p - a potion of berserk rage
 u - a potion of curing
 z - a potion of cancellation
 B - 3 potions of brilliance
 E - 3 potions of flight {unknown}
 F - 2 potions of attraction {unknown}
 G - 2 potions of invisibility
 J - a potion of resistance {unknown}


   Skills:
 + Level 2.3 Fighting
 + Level 7.6 Short Blades
 + Level 1.7 Throwing
 + Level 7.4 Dodging
 + Level 7.2 Stealth
 + Level 5.3 Shields
 + Level 7.2 Spellcasting
 + Level 4.7 Conjurations
 + Level 1.4 Air Magic
 + Level 1.1 Poison Magic
 + Level 0.1 Evocations


You had 18 spell levels left.
You knew the following spells:

 Your Spells              Type           Power      Damage    Failure   Level
a - Magic Dart            Conj           100%       1d8       2%          1
b - Searing Ray           Conj           56%        2d6       3%          2
c - Poisonous Vapours     Pois/Air       26%        N/A       14%         2

Your spell library contained the following spells:

 Spells                   Type           Power      Damage    Failure   Level
 Scorch                   Fire           14%        2d5       24%         2
 Static Discharge         Conj/Air       21%        N/A       7%          2
 Dazzling Flash           Conj/Hex       36%        N/A       19%         3
 Fulminant Prism          Conj/Hex       9%         3d7       52%         4
 Iskenderun's Mystic Bla  Conj/Tloc      18%        2d6       52%         4
 Lightning Bolt           Conj/Air       10%        1d23      77%         5
 Maxwell's Capacitive Co  Air            7%         ∞         100%        8


Dungeon Overview and Level Annotations

Branches:
Dungeon (8/15)             Temple (1/1) D:4            Lair (1/6) D:8
Ossuary (visited)

Altars:
Ashenzari
Cheibriados
Dithmenos
Elyvilon
Fedhas
Gozag
Hepliaklqana
Makhleb
Nemelex Xobeh
Okawaru
Qazlal
Ru
Trog
Uskayaw
Vehumet
Wu Jian
Xom
Yredelemnul
Zin
The Shining One

Shops:
D:6 (   D:7 (


Innate Abilities, Weirdness & Mutations

You are very small and have problems with some larger weapons.
You are too small for most types of armour.
You have supernaturally acute eyesight. (SInv)
You cover ground extremely quickly. (Speed+++)


Message History

The black mamba completely misses you. You block the black mamba's attack.
You barely miss the black mamba.
The black mamba is heavily wounded.
You block the black mamba's attack. x2
You hit the black mamba but do no damage.
The black mamba is heavily wounded.
The black mamba misses you.
You barely miss the black mamba.
The black mamba is heavily wounded.
The black mamba completely misses you. You block the black mamba's attack.
You barely miss the black mamba.
The black mamba is heavily wounded.
You block the black mamba's attack.
You hit the black mamba but do no damage.
The black mamba is poisoned.
The black mamba is heavily wounded.
The black mamba misses you. The black mamba bites you!
You are lethally poisoned!
The black mamba poisons you!
You feel better. The black mamba misses you.
The black mamba bites you but does no damage.
The black mamba attacks as you move away!
You block the black mamba's attack.
The black mamba attacks as you move away!
You block the black mamba's attack.
The black mamba attacks as you move away!
You block the black mamba's attack.
The black mamba attacks as you move away!
You block the black mamba's attack.
You hit the black mamba.
The black mamba looks even sicker.
The black mamba is heavily wounded.
The black mamba bites you!
You are poisoned.
The black mamba poisons you!
You completely miss the black mamba.
The black mamba is heavily wounded.
* * * LOW HITPOINT WARNING * * *
You feel very sick. The black mamba bites you!
You die...

##PPPPPPPPP##........###[#
#PP...PPP..P#.####...# #.#
#PP.>..PPP....# ##### #.#
#PPP..P.PP....# #.#
#PPPP)P....)..# #.#
#P..PP......#.# #.#
##.........##.# #.#
###.....####.# #.#
###.....@S.# #.#
########## #.# #.# #.# #.#
#.# #.# #.# #.#


You could see a black mamba (very poisoned).

Vanquished Creatures
  The ghost of happo123 the Caller, a novice VSSu of Gozag (D:6)
  Maurice (D:8)
  A komodo dragon (D:8)
  Prince Ribbit (D:5)
  Sigmund (D:3)
  2 wyverns
  A steam dragon (D:8)
  A water moccasin (D:7)
  Duvessa (D:7)
  3 black bears
  2 sky beasts
  2 centaurs
  2 ogres
  A phantom (D:4)
  A kobold brigand (D:8)
  A gnoll sergeant (D:6)
  2 bullfrogs
  A necrophage (D:6)
  Blork the orc (D:6)
  5 scorpions
  Dowan (D:7)
  2 howler monkeys
  An electric eel (Lair:1)
  2 hounds (D:6)
  4 orc priests
  2 jellies (D:5)
  Jessica (D:2)
  4 iguanas (D:5)
  5 orc wizards
  Terence (D:3)
  A statue (D:4)
  8 mummies (Ossuary)
  8 gnolls
  7 adders
  A shadow imp (D:7)
  A white imp (D:6)
  An ufetubus (D:6)
  3 worms
  3 dart slugs
  21 orcs
  8 bats
  6 endoplasms
  3 giant cockroaches
  A gnoll zombie (Ossuary)
  11 goblins
  4 hobgoblins
  4 jackals (D:2)
  4 quokkas
  8 ball pythons
  3 frilled lizards
  6 hobgoblin zombies (Ossuary)
  11 kobolds
  An orc zombie (Ossuary)
  8 rats
186 creatures vanquished.

Vanquished Creatures (others)
  A fungus (D:2)
  15 plants
16 creatures vanquished.

Grand Total: 202 creatures vanquished

Notes
Turn   | Place    | Note
-------+----------+-------------------------------------------
     0 | D:1      | hquester the Spriggan Conjurer began the quest for the Orb.
     0 | D:1      | Reached XP level 1. HP: 9/9 MP: 5/5
   260 | D:1      | Reached XP level 2. HP: 9/13 MP: 1/6
  1123 | D:2      | Reached XP level 3. HP: 16/16 MP: 5/8
  1136 | D:2      | Learned a level 2 spell: Searing Ray
  1462 | D:2      | Found a faded altar of an unknown god.
  1470 | D:2      | Noticed Jessica
  1493 | D:2      | Killed Jessica
  1494 | D:2      | Reached XP level 4. HP: 21/21 MP: 5/10
  2180 | D:3      | Reached skill level 1 in Short Blades
  2267 | D:3      | Noticed Terence
  2697 | D:3      | Noticed Sigmund
  2768 | D:3      | Killed Terence
  2769 | D:3      | Reached XP level 5. HP: 18/24 MP: 5/12
  3031 | D:3      | Killed Sigmund
  3032 | D:3      | Reached skill level 5 in Stealth
  3032 | D:3      | Reached XP level 6. HP: 22/29 MP: 9/13
  3367 | D:4      | Reached skill level 1 in Shields
  3526 | D:4      | Reached XP level 7. HP: 32/32 MP: 10/15
  3868 | D:4      | Found a staircase to the Ecumenical Temple.
  3874 | D:4      | Reached skill level 5 in Spellcasting
  3917 | Temple   | Entered the Ecumenical Temple
  4417 | D:4      | Found a radiant altar of Vehumet.
  4427 | D:4      | Became a worshipper of Vehumet
  4732 | D:5      | Entered Level 5 of the Dungeon
  4750 | D:5      | Reached skill level 1 in Fighting
  5047 | D:5      | Reached skill level 5 in Short Blades
  5047 | D:5      | Reached XP level 8. HP: 17/37 MP: 11/16
  5317 | D:5      | Noticed Prince Ribbit
  5326 | D:5      | Killed Prince Ribbit
  5613 | D:5      | Reached skill level 1 in Throwing
  5613 | D:5      | Reached skill level 5 in Dodging
  5724 | D:6      | Found a runed translucent door.
  5726 | D:6      | Noticed happo123's ghost (novice VSSu)
  5848 | D:6      | Reached * piety under Vehumet
  5848 | D:6      | Offered knowledge of Shock by Vehumet.
  5955 | D:6      | Found a sand-covered staircase.
  5959 | Ossuary  | Entered an ossuary
  6330 | D:6      | Reached XP level 9. HP: 42/42 MP: 14/19
  6446 | D:6      | Reached ** piety under Vehumet
  6468 | D:6      | Offered knowledge of Poisonous Vapours by Vehumet.
  6505 | D:6      | Noticed Blork the orc
  6526 | D:6      | Killed Blork the orc
  6611 | D:6      | Learned a level 2 spell: Poisonous Vapours
  6688 | D:6      | Killed happo123's ghost
  6960 | D:6      | Found Cumym's Weapon Boutique.
  7288 | D:7      | Found Syotulud's Weapon Emporium.
  7374 | D:7      | Noticed Dowan
  7375 | D:7      | Noticed Duvessa
  7394 | D:7      | Killed Dowan
  7450 | D:7      | Killed Duvessa
  8040 | D:7      | Found an opulent altar of Gozag.
  8162 | D:8      | Reached skill level 1 in Air Magic
  8488 | D:8      | Noticed Maurice
  8527 | D:8      | Killed Maurice
  8528 | D:8      | Reached skill level 1 in Poison Magic
  8528 | D:8      | Reached XP level 10. HP: 28/47 MP: 21/21
  8917 | D:8      | Offered knowledge of Scorch by Vehumet.
  9183 | D:8      | Found a staircase to the Lair.
  9244 | D:8      | Reached skill level 5 in Shields
  9809 | Lair:1   | Entered Level 1 of the Lair of Beasts
  9851 | Lair:1   | Noticed a black mamba
  9901 | D:8      | Slain by a black mamba

Illustrated notes

Levels and vault maps discovered:
D:1:      psy_arrival_fountain, layout_rooms, minmay_bisected
D:2:      layout_loops_cross, dreamdust_ecumenical_altar_grove,
          dreamdust_mushroom_princess, minmay_ruptured, uniq_jessica
D:3:      minmay_chambers_of_twos, layout_loops_cross, serial_forest,
          infiniplex_forest_straight_2, infiniplex_forest_clump_curved,
          infiniplex_forest_lined_3_way, infiniplex_forest_join,
          infiniplex_forest_lined_2, infiniplex_forest_clump_large,
          infiniplex_forest_end_2, uniq_sigmund, uniq_terence
D:4:      layout_loops_ring, vehumet_statue, temple_hall
D:5:      layout_rooms, uniq_prince_ribbit1
D:6:      layout_loops_ring, ebering_ghost_sewer_d, nicolae_ossuary_entry_plus,
          nicolae_stop_n_shop_1, uniq_blork_the_orc
D:7:      layout_rooms, mainiacjoe_overflow_alcove_4, serial_shops,
          nicolae_shop_bloodbath_and_beyond, uniq_duvessa
D:8:      layout_basic, david_lair_shrubbed, uniq_maurice
Temple:   dpeg_five_rooms_temple
Lair:1:   layout_regular_city, grunt_megastairs_1, infiniplex_staircase_pool,
          serial_bayou_shore_a

Skill      XL: |  1  2  3  4  5  6  7  8  9 10 |
---------------+-------------------------------+-----
Conjurations   | 3 4 |  4.7
Spellcasting   | 3 4 5 6 7 |  7.2
Dodging        | 3 4 5 7 |  7.4
Stealth        | 4 5 6 7 |  7.2
Short Blades   | 1 3 5 6 7 |  7.6
Shields        | 1 2 3 4 5 |  5.3
Fighting       | 1 2 |  2.3
Throwing       | 1 |  1.7
Air Magic      | 1 |  1.4
Poison Magic   | 1 |  1.1
Evocations     | |  0.1

Action                   |  1- 3 |  4- 6 |  7- 9 | 10-12 || total
-------------------------+-------+-------+-------+-------++-------
Melee: Short sword       |    25 |   168 |   258 |    55 ||   506
       Unarmed           |     4 |       |       |       ||     4
       Rapier            |       |    35 |       |       ||    35
Throw: Boomerang         |     9 |     1 |     7 |       ||    17
       Dart              |       |       |       |     2 ||     2
 Cast: Magic Dart        |    54 |       |     2 |       ||    56
       Searing Ray       |     1 |    22 |    54 |     5 ||    82
       Poisonous Vapours |       |       |     3 |       ||     3
Evoke: Wand              |       |       |     1 |       ||     1
  Use: Scroll            |       |     6 |    11 |       ||    17
       Potion            |       |       |     4 |     3 ||     7
 Stab: Sleeping          |     1 |     5 |     4 |     1 ||    11
Armor: Robe              |     2 |     3 |    12 |     4 ||    21
Dodge: Dodged            |    21 |    39 |   109 |    29 ||   198
       Repelled          |       |       |     2 |     2 ||     4
Block: Other             |     1 |       |       |       ||     1
       Buckler           |       |    41 |   167 |    42 ||   250
       Reflection        |       |       |     3 |     4 ||     7

Table legend: (Time is in decaauts)
 A = Elapsed time spent in this place.
 B = Non-inter-level travel time spent in this place.
 C = Inter-level travel time spent in this place.
 D = Time resting spent in this place.
 E = Time spent auto-exploring this place.
 F = Levels seen in this place.
 G = Mean time per level.
                   A        B        C        D        E       F      G
               +--------+--------+--------+--------+--------+-----+--------+
         Total |   7488 |   7487 |      1 |    402 |   4219 |  11 |  680.7 |
       Dungeon |   7012 |   7011 |      1 |    378 |   4070 |   8 |  876.5 |
        Temple |    230 |    230 |      0 |      0 |    148 |   1 |  230.0 |
          Lair |     40 |     40 |      0 |      0 |      0 |   1 |   40.0 |
       Ossuary |    205 |    205 |      0 |     24 |      0 |   1 |  205.0 |
               +--------+--------+--------+--------+--------+-----+--------+

Top non-repeatable levels by time:
     D:8: 1345 daAuts
     D:3: 1022 daAuts
     D:6: 930 daAuts
     D:4: 870 daAuts
     D:2: 846 daAuts
     D:5: 811 daAuts
     D:1: 597 daAuts
     D:7: 587 daAuts
  Temple: 230 daAuts
 Ossuary: 205 daAuts
  Lair:1: 40 daAuts
